[Event "Titled Tuesday Blitz September 13 Early 2022"]
[White "Neiksans, Arturs"]
[Black "Pajeken, Jakob Leon"]
[WhiteFideId "11601388"]
[BlackFideId "12942839"]
[WhiteElo "2901"]
[BlackElo "2502"]
[Result "1-0"]
[Round "01"]
[TimeControl "180+1"]
[Date "2022.09.13"]
[WhiteClock "0:00:05"]
[BlackClock "0:00:01"]

1. e4 e5 2. Nf3 Nc6 3. Bb5 a6 4. Ba4 Nf6 5. O-O Be7 6. d3 b5 7. Bb3 d6 8. Bd2 O-O 9. h3 Bb7 10. Re1 Nd7 11. a3 Nc5 12. Ba2 Ne6 13. Nc3 Ncd4 14. Nxd4 Nxd4 15. Nd5 Bxd5 16. Bxd5 c6 17. Ba2 Bg5 18. Bc3 Ne6 19. Qg4 Qf6 20. g3 g6 21. f4 Bh6 22. Rf1 Qe7 23. Bxe6 fxe6 24. fxe5 dxe5 25. Bxe5 Bg7 26. Bxg7 Kxg7 27. Kg2 e5 28. Qe2 Qc5 29. Qd2 a5 30. Qc3 Qxc3 31. bxc3 a4 32. Rab1 Rfd8 33. Kf3 Rd7 34. Ke3 Rad8 35. Rb4 h6 36. h4 h5 37. d4 c5 38. dxc5 Rd2 39. Rf2 Rd1 40. Rxb5 Rg1 41. Kf3 Rf8+ 42. Ke2 Rc8 43. Rb7+ Kg8 44. Rff7 Rxg3 45. Rg7+ Kf8 46. Rh7 Kg8 47. Rbg7+ Kf8 48. Kd2 Rxc5 49. Ra7 Rg2+ 50. Kd1 Kg8 51. Rhe7 Rc8 52. Rxe5 Rf8 53. Kc1 Rc8 54. Re6 Rg4 55. e5 g5 56. Rg6+ Kh8 57. hxg5 h4 58. Rh6+ Kg8 59. g6 Rxc3 60. g7 Rxg7 61. Ra8+ Kf7 62. Rxh4 Ke7 63. Kb2 Rc7 64. Rhxa4 Rb7+ 65. Kc1 Ke6 66. Kd2 Rbd7+ 67. Kc1 Rg1+ 68. Kb2 Rb7+ 69. Ka2 Rg2 70. R8a6+ Kxe5 71. Rc4 Kd5 72. Rac6 Rb5 73. Rc7 Rb6 74. a4 Rg3 75. R7c5+ Kd6 76. a5 Ra6 77. Kb2 Rg8 78. Rb5 Rga8 79. Rcc5 Rc6 80. Rxc6+ Kxc6 81. Rh5 Re8 82. Kb3 Re4 83. c4 Kb7 84. Kb4 Re1 85. Rh7+ Ka6 86. Rh6+ Kb7 87. a6+ Ka7 88. Kb5 Rb1+ 89. Kc5 Rg1 90. Rf6 Rg5+ 91. Kb4 Rg1 92. c5 Rb1+ 93. Kc4 Rc1+ 94. Kd5 Rd1+ 95. Kc6 Kxa6 96. Rf7 Rh1 97. Kc7 Ka7 98. c6 Rh8 99. Rd7 Ka6 100. Rd8 Rh7+ 101. Kd6 Ka7 102. Rd7+ 1-0


[Site "https://www.chess.com"]

[Event "Titled Tuesday Blitz September 13 Early 2022"]
[White "Oparin, Grigoriy"]
[Black "Namitbir Singh Walia"]
[WhiteFideId "24125890"]
[BlackFideId "35071068"]
[WhiteElo "2946"]
[BlackElo "2524"]
[Result "1-0"]
[Round "01"]
[TimeControl "180+1"]
[Date "2022.09.13"]
[WhiteClock "0:01:27"]
[BlackClock "0:00:06"]

1. e4 e5 2. Nf3 Nc6 3. Bc4 Nf6 4. d3 Be7 5. a4 O-O 6. O-O d5 7. exd5 Nxd5 8. Re1 Bg4 9. h3 Bxf3 10. Qxf3 Nb6 11. Ba2 Nxa4 12. Qg4 Nb6 13. Bh6 Bf6 14. Nd2 Kh8 15. Be3 Nd5 16. Ne4 Be7 17. Ng3 Nxe3 18. fxe3 Qc8 19. Qh5 g6 20. Qf3 Bh4 21. Rf1 f5 22. Bd5 Qd7 23. Ne2 Bf6 24. Bxc6 Qxc6 25. Qxc6 bxc6 26. Ra6 Bg5 27. Kf2 Rf6 28. Rfa1 Rb8 29. b3 f4 30. e4 Rbf8 31. Ng1 Bh4+ 32. Ke2 g5 33. Nf3 h5 34. Rxa7 Bg3 35. Nxg5 1-0


[Site "https://www.chess.com"]

[Event "Titled Tuesday Blitz September 13 Early 2022"]
[White "Ozates, Tuna"]
[Black "Mitrabha, Guha"]
[WhiteFideId "6354521"]
[BlackFideId "5057000"]
[WhiteElo "2531"]
[BlackElo "2966"]
[Result "1-0"]
[Round "01"]
[TimeControl "180+1"]
[Date "2022.09.13"]
[WhiteClock "0:00:07"]
[BlackClock "0:00:04"]

1. e4 c6 2. Nf3 d5 3. d3 Nd7 4. Nc3 Ngf6 5. e5 d4 6. exf6 dxc3 7. bxc3 exf6 8. g3 Bd6 9. Bg2 O-O 10. O-O Nb6 11. c4 Bg4 12. Be3 Bc7 13. Rb1 Rb8 14. Qd2 Re8 15. h3 Bh5 16. g4 Bg6 17. Nh4 Qd6 18. f4 Nd7 19. Bxa7 Ra8 20. Be3 Rxa2 21. Rxb7 Nc5 22. Bxc5 Qxc5+ 23. Qf2 Qd6 24. c5 Qd7 25. f5 Bh2+ 26. Kxh2 Qxb7 27. fxg6 hxg6 28. Nf3 Qb4 29. Re1 Rea8 30. Re4 Qb1 31. Nd4 Qc1 32. Re2 Rc8 33. Nxc6 Kf8 34. Qd4 Rca8 35. Qd6+ Kg8 36. Ne7+ Kh7 37. Bxa8 Rxa8 38. Qg3 g5 39. Qe3 Qa1 40. c6 Qa5 41. Qe4+ g6 42. Qd5 Qc7+ 43. Kg2 Kg7 44. Qd7 Qf4 45. Nd5 Qc1 46. c7 Qd1 47. Rf2 Ra1 48. Kg3 Qg1+ 49. Rg2 Qe1+ 50. Rf2 Qg1+ 51. Kf3 Qh1+ 52. Ke3 Qe1+ 53. Re2 Qg1+ 54. Kd2 Qc1+ 55. Kc3 Ra3+ 56. Kd4 Ra4+ 57. c4 Qa1+ 58. Nc3 Ra5 59. c8=Q Qg1+ 60. Re3 Qh2 61. Qxf7+ Kxf7 62. Qe8+ Kg7 63. Re7+ 1-0


[Site "https://www.chess.com"]

[Event "Titled Tuesday Blitz September 13 Early 2022"]
[White "Przybylski, Wojciech"]
[Black "Demchenko, Anton"]
[WhiteFideId "1117599"]
[BlackFideId "4160258"]
[WhiteElo "2493"]
[BlackElo "2873"]
[Result "0-1"]
[Round "01"]
[TimeControl "180+1"]
[Date "2022.09.13"]
[WhiteClock "0:00:12"]
[BlackClock "0:00:20"]

1. e4 e5 2. Nf3 Nc6 3. Bb5 a6 4. Ba4 Nge7 5. O-O Ng6 6. c3 d6 7. h3 Be7 8. d4 O-O 9. Re1 b5 10. Bb3 exd4 11. cxd4 Na5 12. Bc2 c5 13. d5 Nc4 14. Nbd2 Nxd2 15. Bxd2 Bf6 16. Rb1 Re8 17. a4 Bd7 18. b3 h6 19. Nh2 Bg5 20. Bc3 b4 21. Bb2 Bf6 22. Ng4 Bxb2 23. Rxb2 Qg5 24. Qf3 h5 25. Ne3 Ne5 26. Qg3 Qxg3 27. fxg3 Rec8 28. Rbb1 a5 29. Nc4 Nxc4 30. bxc4 f6 31. Kf2 Re8 32. Kf3 Re5 33. Re3 Rf8 34. Ke2 f5 35. exf5 Bxf5 36. Rxe5 Bxc2 37. Rb2 Bxa4 38. Re6 Rd8 39. Kd3 Be8 40. Rbe2 Kf8 41. Rf2+ Bf7 42. Kc2 a4 43. Kb2 Rd7 44. Re3 Kg8 45. g4 hxg4 46. hxg4 a3+ 47. Kb3 Ra7 48. Ref3 Re7 49. g5 Bh5 50. Rf8+ Kh7 51. Rd8 Bd1+ 52. Ka2 Ra7 53. Rxd6 b3+ 54. Ka1 b2+ 55. Rxb2 axb2+ 56. Kxb2 Be2 57. Kb3 Rb7+ 58. Kc3 Rb4 59. Kd2 Bxc4 60. Rc6 Bxd5 61. Rxc5 Bxg2 62. Ke3 Kg6 63. Kf2 Be4 64. Kg3 Bf5 65. Ra5 Kxg5 66. Ra3 Rd4 67. Rb3 Rd3+ 68. Rxd3 Bxd3 69. Kf3 Bf5 70. Kg3 Bg4 71. Kg2 Kf4 72. Kf2 g5 73. Kg2 Bf3+ 74. Kh2 g4 75. Kg1 g3 76. Kf1 Kg4 77. Kg1 Kh3 78. Kf1 Kh2 0-1


[Site "https://www.chess.com"]

[Event "Titled Tuesday Blitz September 13 Early 2022"]
[White "Ramirez Vido, Robert Yorisan"]
[Black "Paravyan, David"]
[WhiteFideId "3513823"]
[BlackFideId "4194985"]
[WhiteElo "2504"]
[BlackElo "2905"]
[Result "0-1"]
[Round "01"]
[TimeControl "180+1"]
[Date "2022.09.13"]
[WhiteClock "0:00:05"]
[BlackClock "0:00:42"]

1. f4 Nf6 2. Nf3 g6 3. g3 Bg7 4. Bg2 O-O 5. O-O c5 6. d3 d5 7. Qe1 Nc6 8. e4 dxe4 9. dxe4 e5 10. Nc3 Nd4 11. fxe5 Ng4 12. Nxd4 cxd4 13. Nd5 Be6 14. Bf4 Rc8 15. Qd2 Nxe5 16. Rf2 Nc4 17. Qb4 Bxd5 18. exd5 Ne3 19. Bxe3 dxe3 20. Re2 a5 21. Qf4 Bxb2 22. Rb1 Bc3 23. Qxe3 Bb4 24. Kh1 Re8 25. Qxe8+ Qxe8 26. Rxe8+ Rxe8 27. h4 Re2 28. Rd1 Bd6 29. c4 b6 30. a4 Bxg3 31. d6 Bxh4 32. d7 Bd8 33. Bc6 Kf8 34. Kg1 Ke7 35. Kf1 Re5 36. Re1 Rxe1+ 37. Kxe1 Kd6 38. Bb5 Kc5 39. Kf2 f5 40. Kf3 g5 41. Kg3 h5 42. Kf3 Bc7 43. Kg2 g4 44. Kf2 f4 45. Ba6 Bd8 46. Bb7 Kxc4 47. Be4 Kd4 48. Bg6 h4 49. Bh5 g3+ 50. Kf3 h3 51. Bg4 h2 52. Kg2 Ke3 53. Bh5 f3+ 54. Bxf3 h1=Q+ 55. Kxh1 Kxf3 56. Kg1 g2 57. Kh2 Kf2 0-1


[Site "https://www.chess.com"]

[Event "Titled Tuesday Blitz September 13 Early 2022"]
[White "Ronka, Erik"]
[Black "Svane, Frederik"]
[WhiteFideId "505080"]
[BlackFideId "12923044"]
[WhiteElo "2264"]
[BlackElo "2459"]
[Result "1-0"]
[Round "01"]
[TimeControl "180+1"]
[Date "2022.09.13"]
[WhiteClock "0:00:45"]
[BlackClock "0:00:52"]

1. e4 c5 2. Nf3 e6 3. d4 cxd4 4. Nxd4 Nc6 5. Nc3 a6 6. Nxc6 bxc6 7. Bd3 d5 8. O-O Nf6 9. Qe2 Be7 10. e5 Nd7 11. b3 O-O 12. Bb2 Bb7 13. Na4 c5 14. c4 d4 15. Bc1 Qc7 16. f4 Bc6 17. Nb2 a5 18. Bd2 Ra7 19. Bc2 g6 20. a3 Rb7 21. Nd3 Rfb8 22. Rae1 Rxb3 23. Bxb3 Rxb3 24. f5 exf5 25. e6 Be4 26. exf7+ Kxf7 27. Qxe4 Qd6 28. Bf4 Qf6 29. Qd5+ Kf8 30. Qxd7 Rxd3 31. Rxe7 1-0


[Site "https://www.chess.com"]

[Event "Titled Tuesday Blitz September 13 Early 2022"]
[White "Rustemov, Alexander"]
[Black "Tarhan, Adar"]
[WhiteFideId "4119002"]
[BlackFideId "34544712"]
[WhiteElo "2872"]
[BlackElo "1792"]
[Result "0-1"]
[Round "01"]
[TimeControl "180+1"]
[Date "2022.09.13"]
[WhiteClock "0:00:02"]
[BlackClock "0:00:04"]

1. d4 Nf6 2. c4 c6 3. Bf4 d5 4. e3 Bf5 5. Nc3 e6 6. Nf3 Bd6 7. Bg3 Bxg3 8. hxg3 Nbd7 9. Be2 dxc4 10. Bxc4 Qe7 11. O-O e5 12. d5 e4 13. dxc6 Nb6 14. Nd4 Bg4 15. Qb3 bxc6 16. Nxc6 Qc7 17. Bb5 O-O 18. Nd4 h5 19. Rac1 Qe5 20. Nc6 Qg5 21. Qa3 h4 22. gxh4 Qxh4 23. Qd6 a6 24. Be2 Bxe2 25. Nxe2 Nbd5 26. Rfd1 Qh5 27. Nf4 Nxf4 28. Qxf4 Rfe8 29. b4 Re6 30. Nd4 Rb6 31. a3 Ng4 32. Nf5 Rf6 33. Rd5 g5 34. Ne7+ Kf8 35. Rxg5 Qh7 36. Rg8+ Qxg8 37. Nxg8 Rxf4 38. exf4 Kxg8 39. Rc5 Nf6 40. g4 Rd8 41. g5 Nd5 42. f5 Nf4 43. Kh2 Rd3 44. Ra5 Rh3+ 45. Kg1 Rh5 46. Rxa6 Rxg5+ 47. Kf1 Rxf5 48. a4 Nd3 49. Ke2 Rxf2+ 50. Ke3 Rb2 51. Kxe4 Nxb4 52. Ra8+ Kg7 53. a5 Ra2 54. Kf3 Nc6 55. a6 Nb4 56. a7 Nc6 57. Rc8 Nxa7 58. Rc4 Nb5 59. Rg4+ Kf8 60. Rb4 Nd6 61. Rb6 Ke7 62. Kf4 Ra4+ 63. Kf3 Ra3+ 64. Kf4 Ke6 65. Rb8 Rh3 66. Rb6 Rh4+ 67. Kf3 Kd5 68. Ra6 f5 69. Ra5+ Ke6 70. Ra6 Rd4 71. Rb6 Ke5 72. Ra6 Rd5 73. Ra8 Rd3+ 74. Ke2 Rh3 75. Kf2 Ne4+ 76. Kg2 Rd3 77. Ra1 f4 78. Ra8 Kd4 79. Ra1 Rd2+ 80. Kf3 Rf2+ 81. Kg4 Kd3 82. Ra3+ Nc3 83. Ra8 f3 84. Rf8 Ke3 85. Ra8 Ne4 86. Ra3+ Ke2 87. Kf4 Nd2 88. Re3+ Kf1 89. Re8 Re2 90. Rh8 f2 0-1


[Site "https://www.chess.com"]

[Event "Titled Tuesday Blitz September 13 Early 2022"]
[White "Sadhwani, Raunak"]
[Black "Klinova, Masha"]
[WhiteFideId "35093487"]
[BlackFideId "2802015"]
[WhiteElo "2993"]
[BlackElo "2536"]
[Result "1-0"]
[Round "01"]
[TimeControl "180+1"]
[Date "2022.09.13"]
[WhiteClock "0:00:34"]
[BlackClock "0:01:44"]

1. e4 d6 2. d4 Nf6 3. Nc3 g6 4. Be3 a6 5. Qd2 b5 6. f3 Nbd7 7. h4 h5 8. Nh3 Bb7 9. Ng5 Bg7 10. O-O-O c5 11. Kb1 Qc7 12. dxc5 Nxc5 13. Bd4 Rd8 14. a3 e5 15. Be3 O-O 16. Qf2 Rc8 17. g4 Rfd8 18. gxh5 Nxh5 19. Bh3 Rb8 20. Bg4 Nf6 21. h5 Nxg4 22. fxg4 f6 23. hxg6 fxg5 24. Bxg5 Nxe4 25. Bxd8 Rxd8 26. Qh4 Nxc3+ 27. bxc3 Bxh1 28. Qh7+ Kf8 29. Rf1+ Ke8 30. Qg8+ Kd7 31. Rf7+ Kc8 32. Rxc7+ Kxc7 33. Qxg7+ Rd7 34. Qg8 Be4 35. g7 Bg6 36. Qf8 1-0


[Site "https://www.chess.com"]

[Event "Titled Tuesday Blitz September 13 Early 2022"]
[White "Shandrygin, Nikita"]
[Black "Bok, Benjamin"]
[WhiteFideId "24198668"]
[BlackFideId "1017063"]
[WhiteElo "2522"]
[BlackElo "2940"]
[Result "0-1"]
[Round "01"]
[TimeControl "180+1"]
[Date "2022.09.13"]
[WhiteClock "0:00:11"]
[BlackClock "0:00:05"]

1. e4 c5 2. Nf3 d6 3. d4 cxd4 4. Nxd4 Nf6 5. Nc3 a6 6. f3 e5 7. Nb3 Be6 8. Be3 h5 9. Qd2 Nbd7 10. Nd5 Bxd5 11. exd5 g6 12. Be2 Bg7 13. O-O b6 14. c4 O-O 15. Qb4 Qc7 16. Rfd1 Rfe8 17. Rac1 a5 18. Qa4 Rac8 19. Nd2 e4 20. f4 Nc5 21. Qb5 Ng4 22. Bxg4 hxg4 23. b3 Qd8 24. Nf1 f5 25. Rc2 Bh6 26. Ng3 Rb8 27. Ne2 Nd3 28. Rf1 Qf6 29. Nc1 Nc5 30. Ne2 Kh7 31. Nd4 Nd3 32. Ne6 Re7 33. Qc6 Nc5 34. Bd4 Qf7 35. Bxc5 dxc5 36. Rd1 Qe8 37. Qxe8 Rexe8 38. g3 Kg8 39. Nc7 Red8 40. Nb5 Kf7 41. Kg2 Bg7 42. Re2 Bf6 43. h3 gxh3+ 44. Kxh3 Rd7 45. Kg2 Rh8 46. Rh1 Rxh1 47. Kxh1 Rd8 48. a4 g5 49. fxg5 Bxg5 50. Rh2 Kg6 51. Kg2 Bf6 52. Kf2 Be5 53. Rh4 Rf8 54. Na7 Re8 55. Nc6 e3+ 56. Ke2 Bxg3 57. Rh1 f4 58. d6 f3+ 59. Kxf3 Bxd6 60. Re1 Rf8+ 61. Kxe3 Bf4+ 62. Kd3 Bg5 63. Re6+ Kf7 64. Rd6 Bf4 65. Rd7+ Ke6 66. Rd5 Rc8 67. Nd8+ Ke7 68. Ke4 Bc7 69. Nb7 Rb8 70. Nxc5 bxc5 71. Rxc5 Kd7 72. Rb5 Re8+ 73. Kd5 Re3 74. c5 Re5+ 75. Kd4 Re1 76. Kd5 Rd1+ 77. Kc4 Kc6 78. b4 Rc1+ 79. Kb3 Rb1+ 80. Kc4 axb4 81. Rxb4 Rc1+ 82. Kb3 Rh1 83. Rc4 Rh3+ 84. Rc3 Rh1 85. Kc4 Ba5 86. Rf3 Rh4+ 87. Kb3 Kxc5 88. Rf5+ Kb6 89. Rf6+ Ka7 90. Rf7+ Kb6 91. Rf6+ Kb7 92. Rf7+ Bc7 93. Rf5 Kc6 94. Rb5 Bd6 95. Rf5 Rb4+ 96. Kc3 Rxa4 97. Kb3 Rh4 98. Kc3 Bc5 99. Kd3 Kb5 100. Kc3 Rh3+ 101. Kd2 Kc4 102. Rf7 Rh2+ 103. Ke1 Kd3 104. Rd7+ Bd4 105. Kf1 Rf2+ 106. Ke1 Rf8 107. Rd6 Rg8 0-1


[Site "https://www.chess.com"]

[Event "Titled Tuesday Blitz September 13 Early 2022"]
[White "Sjugirov, Sanan"]
[Black "Ezat, Mohamed"]
[WhiteFideId "4189302"]
[BlackFideId "10600906"]
[WhiteElo "2940"]
[BlackElo "2522"]
[Result "0-1"]
[Round "01"]
[TimeControl "180+1"]
[Date "2022.09.13"]
[WhiteClock "0:00:12"]
[BlackClock "0:00:52"]

1. e4 c6 2. d4 d5 3. e5 c5 4. Nf3 Bg4 5. dxc5 Bxf3 6. Qxf3 Nc6 7. Bb5 e6 8. b4 a5 9. c3 Ne7 10. O-O Ng6 11. Qe2 Be7 12. Nd2 O-O 13. Bxc6 bxc6 14. Nf3 Qb8 15. Bd2 axb4 16. cxb4 Ra3 17. Rfe1 Qb7 18. Bc1 Ra4 19. a3 Rb8 20. Ra2 Qa8 21. Rc2 h6 22. g3 Qb7 23. h4 Qd7 24. h5 Nf8 25. Nd4 Nh7 26. f4 Re8 27. Kg2 Raa8 28. Qd3 f5 29. Be3 Ra4 30. Rb1 Rea8 31. Rb3 Qe8 32. Nxe6 Qxh5 33. Nd4 Rf8 34. Nxc6 Bh4 35. Qxd5+ Kh8 36. gxh4 Qg4+ 37. Kf1 Raa8 38. Qg2 Qd1+ 0-1


[Site "https://www.chess.com"]

[Event "Titled Tuesday Blitz September 13 Early 2022"]
[White "Tang, Andrew"]
[Black "Astafurov, Arseniy"]
[WhiteFideId "2059630"]
[BlackFideId "24175218"]
[WhiteElo "2924"]
[BlackElo "2516"]
[Result "1-0"]
[Round "01"]
[TimeControl "180+1"]
[Date "2022.09.13"]
[WhiteClock "0:00:06"]
[BlackClock "0:00:06"]

1. d4 Nf6 2. c4 c5 3. d5 b5 4. cxb5 a6 5. e3 e6 6. Nc3 Bb7 7. e4 exd5 8. exd5 Bd6 9. Be2 O-O 10. Nf3 Re8 11. O-O Bf8 12. Bg5 d6 13. a4 Nbd7 14. Nd2 h6 15. Bh4 g5 16. Bg3 Nxd5 17. Nxd5 Bxd5 18. bxa6 Nf6 19. Bb5 Re6 20. Nc4 Be4 21. Re1 d5 22. Nd2 Bf5 23. Qf3 Bg4 24. Qc3 c4 25. h3 Bf5 26. Nf3 Bg7 27. Nd4 Rxe1+ 28. Qxe1 Bd3 29. Nc6 Qb6 30. Be5 Re8 31. a7 Ra8 32. Bd4 Qb7 33. Qe3 Ne4 34. Re1 Bxd4 35. Qxd4 Qc7 36. f3 Qg3 37. Qe3 Nf6 38. Ne7+ Kh8 39. Bc6 Rxa7 40. Nxd5 Nxd5 41. Bxd5 Kg7 42. Qd4+ f6 43. Qxa7+ 1-0


[Site "https://www.chess.com"]

[Event "Titled Tuesday Blitz September 13 Early 2022"]
[White "Tari, Aryan"]
[Black "Padmini, Rout"]
[WhiteFideId "1510045"]
[BlackFideId "5029295"]
[WhiteElo "2906"]
[BlackElo "2507"]
[Result "1-0"]
[Round "01"]
[TimeControl "180+1"]
[Date "2022.09.13"]
[WhiteClock "0:00:33"]
[BlackClock "0:00:07"]

1. e4 e5 2. Nf3 Nc6 3. Bb5 Nf6 4. d3 Bc5 5. Bxc6 dxc6 6. Nbd2 Qe7 7. a3 Nd7 8. b4 Bd6 9. Nc4 O-O 10. Ne3 g6 11. O-O f5 12. exf5 gxf5 13. Bb2 Nf6 14. Nc4 e4 15. Re1 b5 16. dxe4 fxe4 17. Nxd6 cxd6 18. Qd4 Bf5 19. Nh4 Bd7 20. Re3 d5 21. Rae1 Kh8 22. Rg3 Qd6 23. f3 Rae8 24. fxe4 Rxe4 25. Rxe4 1-0


[Site "https://www.chess.com"]

[Event "Titled Tuesday Blitz September 13 Early 2022"]
[White "Ter-Sahakyan, Samvel"]
[Black "Dushyant Sharma"]
[WhiteFideId "13302531"]
[BlackFideId "25065130"]
[WhiteElo "2877"]
[BlackElo "2494"]
[Result "1-0"]
[Round "01"]
[TimeControl "180+1"]
[Date "2022.09.13"]
[WhiteClock "0:00:55"]
[BlackClock "0:00:06"]

1. e4 e5 2. Nf3 Nc6 3. Bb5 a6 4. Ba4 f5 5. d4 exd4 6. e5 b5 7. Bb3 Bb7 8. c3 d6 9. e6 Ne5 10. Ng5 Nh6 11. cxd4 Nc4 12. O-O Qf6 13. a4 Nxb2 14. Qc2 Nxa4 15. Bxa4 bxa4 16. Qxa4+ c6 17. Nc3 Be7 18. Rb1 O-O 19. Rxb7 Rfe8 20. Qxc6 Qxd4 21. Rxe7 1-0


[Site "https://www.chess.com"]

[Event "Titled Tuesday Blitz September 13 Early 2022"]
[White "Terry, Renato"]
[Black "Lehtosaari, Mauri"]
[WhiteFideId "3803457"]
[BlackFideId "501999"]
[WhiteElo "2930"]
[BlackElo "2518"]
[Result "1-0"]
[Round "01"]
[TimeControl "180+1"]
[Date "2022.09.13"]
[WhiteClock "0:02:36"]
[BlackClock "0:00:26"]

1. e4 c5 2. Nf3 e6 3. Nc3 Nc6 4. Bb5 Nge7 5. O-O a6 6. Bxc6 Nxc6 7. d4 cxd4 8. Nxd4 Qc7 9. Nxc6 bxc6 10. Qg4 h5 11. Qh4 Be7 12. Bg5 Qd8 13. Bxe7 Qxe7 14. Qg3 f6 15. e5 f5 16. h4 c5 17. Ne2 Bb7 18. Nf4 Rh6 19. Rfd1 Bc6 20. Rd6 Rb8 21. b3 Rb4 22. c4 a5 23. Nd3 Rb8 24. Nxc5 Qf7 25. Qf4 Rg6 26. f3 a4 27. Rad1 axb3 28. axb3 Kf8 29. Nxd7+ Bxd7 30. Rxd7 Qe8 31. Qd2 Kg8 32. Rd8 1-0


[Site "https://www.chess.com"]

[Event "Titled Tuesday Blitz September 13 Early 2022"]
[White "Tifferet, Shaked"]
[Black "Dubov, Daniil"]
[WhiteFideId "2811529"]
[BlackFideId "24126055"]
[WhiteElo "2537"]
[BlackElo "3026"]
[Result "0-1"]
[Round "01"]
[TimeControl "180+1"]
[Date "2022.09.13"]
[WhiteClock "0:00:08"]
[BlackClock "0:00:47"]

1. e4 c5 2. Nf3 d6 3. d4 cxd4 4. Nxd4 Nf6 5. Nc3 a6 6. a3 Nc6 7. Nb3 g6 8. Bg5 Bg7 9. Qd2 Be6 10. Bh6 Bxh6 11. Qxh6 Qb6 12. Na4 Qxf2+ 13. Kxf2 Ng4+ 14. Kg3 Nxh6 15. Nb6 Rd8 16. Be2 O-O 17. Bf3 f5 18. Rhe1 f4+ 19. Kf2 Nf7 20. c4 Nfe5 21. Be2 g5 22. Rad1 g4 23. Nc1 f3 24. gxf3 Nxf3 25. Bxf3 Rxf3+ 26. Kg2 Ne5 27. c5 Rdf8 28. cxd6 Rf2+ 29. Kg1 exd6 30. Rxd6 Rxb2 31. Re2 Rb1 32. Rxe6 Nd3 33. Rc2 Nxc1 34. Kg2 Nd3 35. Kg3 Nf4 36. Re7 Rg1+ 37. Kf2 Rg2+ 38. Ke3 Rxc2 39. Nd7 Re2+ 40. Kd4 Rd2+ 41. Ke5 Ng6+ 42. Ke6 Nxe7 43. Nf6+ Rxf6+ 0-1


[Site "https://www.chess.com"]

[Event "Titled Tuesday Blitz September 13 Early 2022"]
[White "Trent, Lawrence"]
[Black "Le, Tuan Minh"]
[WhiteFideId "408638"]
[BlackFideId "12401153"]
[WhiteElo "2538"]
[BlackElo "3061"]
[Result "0-1"]
[Round "01"]
[TimeControl "180+1"]
[Date "2022.09.13"]
[WhiteClock "0:00:04"]
[BlackClock "0:00:09"]

1. e4 c5 2. Nc3 Nf6 3. e5 Ng8 4. Nf3 d6 5. Bb5+ Nc6 6. O-O e6 7. d4 d5 8. Ne2 cxd4 9. Nexd4 Bd7 10. Nxc6 bxc6 11. Bd3 Ne7 12. c4 Ng6 13. h4 Nxh4 14. Ng5 Ng6 15. Re1 Be7 16. Qh5 Bxg5 17. Bxg5 Qb6 18. b3 c5 19. f4 Ne7 20. Qh4 dxc4 21. Bxe7 cxd3 22. Bd6 f6 23. Qf2 Rc8 24. Rec1 c4 25. bxc4 Qxf2+ 26. Kxf2 Ba4 27. Rcb1 Kf7 28. Ke3 Rxc4 29. Rb7+ Kg6 30. Rxa7 Bc6 31. g3 Be4 32. Rc7 Rxc7 33. Bxc7 f5 34. a4 Rc8 35. Rc1 Kh5 36. a5 Kg4 37. a6 Kxg3 38. Rg1+ Kh2 39. Rxg7 h5 40. a7 h4 41. Kd2 h3 42. Rh7 Kg3 43. Ke3 h2 44. Rg7+ Kh3 45. Rh7+ Kg2 46. Rg7+ Kf1 0-1


[Site "https://www.chess.com"]

[Event "Titled Tuesday Blitz September 13 Early 2022"]
[White "Veiga, Jose Francisco R P Neves"]
[Black "Harsha Bharathakoti"]
[WhiteFideId "1930087"]
[BlackFideId "5078776"]
[WhiteElo "2273"]
[BlackElo "2523"]
[Result "1-0"]
[Round "01"]
[TimeControl "180+1"]
[Date "2022.09.13"]
[WhiteClock "0:00:07"]
[BlackClock "0:00:05"]

1. e4 c6 2. Nc3 d5 3. Nf3 Bg4 4. h3 Bxf3 5. Qxf3 e6 6. d4 Nf6 7. Bg5 Be7 8. exd5 cxd5 9. Bd3 Nc6 10. Ne2 Qb6 11. O-O O-O 12. c3 Qxb2 13. Rfb1 Qa3 14. Rxb7 Rab8 15. Rxe7 Qxe7 16. Ng3 h6 17. Bd2 Rb2 18. Bf4 Re8 19. a4 Qb7 20. Bxh6 Ne7 21. Bg5 Nf5 22. Nxf5 exf5 23. Qxf5 Ne4 24. Be3 a6 25. Re1 Nxc3 26. Qh7+ Kf8 27. Qh8+ Ke7 28. Bg5+ Kd6 29. Qxe8 Ne4 30. Bf4# 1-0


[Site "https://www.chess.com"]

[Event "Titled Tuesday Blitz September 13 Early 2022"]
[White "Vidit, Santosh Gujrathi"]
[Black "Tomb, Maroun"]
[WhiteFideId "5029465"]
[BlackFideId "5300398"]
[WhiteElo "3032"]
[BlackElo "2537"]
[Result "1-0"]
[Round "01"]
[TimeControl "180+1"]
[Date "2022.09.13"]
[WhiteClock "0:02:23"]
[BlackClock "0:02:28"]

1. Nf3 d6 2. g3 Nf6 3. Bg2 e5 4. c4 Be7 5. Nc3 O-O 6. d4 Nbd7 7. O-O c6 8. e4 a6 9. a4 a5 10. h3 exd4 11. Nxd4 Nc5 12. Re1 Re8 13. Be3 Qc7 14. Qc2 Bd7 15. Rad1 Rad8 16. f4 h5 17. Bf2 Qc8 18. Kh2 h4 19. g4 Bxg4 20. hxg4 Nxg4+ 21. Kg1 Nxf2 22. Qxf2 h3 23. Bf3 Bh4 24. Qxh4 1-0


[Site "https://www.chess.com"]

[Event "Titled Tuesday Blitz September 13 Early 2022"]
[White "Winterberg, Lukas"]
[Black "Svane, Rasmus"]
[WhiteFideId "24622702"]
[BlackFideId "4657101"]
[WhiteElo "2516"]
[BlackElo "2916"]
[Result "0-1"]
[Round "01"]
[TimeControl "180+1"]
[Date "2022.09.13"]
[WhiteClock "0:00:04"]
[BlackClock "0:00:05"]

1. d4 d5 2. Nf3 e6 3. c4 a6 4. cxd5 exd5 5. Nc3 Nf6 6. Bg5 Be6 7. Bxf6 Qxf6 8. Qb3 Ra7 9. h4 Bd6 10. e4 dxe4 11. Nxe4 Qe7 12. Nxd6+ Qxd6 13. Bc4 Bxc4 14. Qxc4 O-O 15. O-O Nd7 16. Rac1 c6 17. Qb3 a5 18. Rfd1 a4 19. Qe3 Nf6 20. d5 c5 21. Qxc5 Ra6 22. Qxd6 Rxd6 23. Rc4 Ra8 24. Rb4 b6 25. Ne5 a3 26. b3 Rxd5 27. Rxd5 Nxd5 28. Rc4 b5 29. Rc2 Nb4 30. Rd2 f6 31. Nd7 Rc8 32. Kf1 Rc1+ 33. Ke2 Ra1 34. Nc5 Nxa2 35. Rd7 Nc1+ 36. Kf3 a2 37. Ra7 Nd3 38. Ne6 g6 39. Rg7+ Kh8 40. Rf7 Ne5+ 41. Ke4 Nxf7 42. Nd4 Re1+ 43. Kd5 a1=Q 44. Nxb5 Re5+ 45. Kc4 Qa6 46. b4 Qxb5+ 47. Kd4 Qxb4+ 0-1


[Site "https://www.chess.com"]

[Event "Titled Tuesday Blitz September 13 Early 2022"]
[White "Bacrot, Etienne"]
[Black "Aloma Vidal, Robert"]
[WhiteFideId "605506"]
[BlackFideId "2260409"]
[WhiteElo "2666"]
[BlackElo "2435"]
[Result "1/2-1/2"]
[Round "02"]
[TimeControl "180+1"]
[Date "2022.09.13"]
[WhiteClock "0:00:11"]
[BlackClock "0:00:03"]

1. e4 e5 2. Nf3 Nf6 3. Nxe5 d6 4. Nf3 Nxe4 5. d3 Nf6 6. d4 g6 7. Bd3 Bg7 8. O-O O-O 9. h3 c5 10. Nc3 Nc6 11. Bf4 a6 12. d5 Ne7 13. Be2 b5 14. Ng5 Bb7 15. Bf3 b4 16. Nce4 Ne8 17. c4 h6 18. Qd2 Nf5 19. Bg4 hxg5 20. Bxg5 f6 21. Be3 Nxe3 22. Be6+ Kh7 23. Qxe3 Nc7 24. Rad1 Qe7 25. Nxc5 Rae8 26. Nxb7 Nxe6 27. dxe6 Qxb7 28. Rxd6 Re7 29. Rfd1 Rfe8 30. c5 Qc8 31. Re1 Rc7 32. Rd5 Rc6 33. e7 Rc7 34. h4 Rcxe7 35. Qxe7 Rxe7 36. Rxe7 Kh6 37. Rdd7 Qxc5 38. g3 Qc1+ 39. Kg2 Qc6+ 40. Kh2 Qc5 41. Kg1 Qc1+ 42. Kg2 Qc6+ 43. Kf1 Qc1+ 44. Ke2 Qc4+ 45. Kd2 Qc5 46. Rxg7 Qxf2+ 47. Kc1 Qg1+ 48. Kc2 Qg2+ 49. Kb3 Qxg3+ 50. Kxb4 Qxh4+ 51. Ka5 Qe1+ 52. Kxa6 Qe2+ 53. Ka5 Qxb2 54. a4 f5 55. Rh7+ Kg5 56. Rb7 Qc3+ 57. Ka6 f4 58. a5 f3 59. Rhf7 Qc4+ 60. Rb5+ Kh6 61. Rf6 f2 62. Rxf2 Qc8+ 63. Ka7 Qc7+ 64. Ka6 Qc8+ 65. Rb7 Qc6+ 66. Rb6 Qc8+ 67. Kb5 Qe8+ 68. Ka6 Qc8+ 69. Rb7 Qc6+ 70. Rb6 Qc8+ 1/2-1/2


[Site "https://www.chess.com"]

[Event "Titled Tuesday Blitz September 13 Early 2022"]
[White "Bagrationi, Alexander"]
[Black "Martinez Alcantara, Jose Eduardo"]
[WhiteFideId "14104954"]
[BlackFideId "3805662"]
[WhiteElo "2398"]
[BlackElo "2703"]
[Result "0-1"]
[Round "02"]
[TimeControl "180+1"]
[Date "2022.09.13"]
[WhiteClock "0:00:19"]
[BlackClock "0:01:47"]

1. d4 Nf6 2. c4 e6 3. Nf3 Bb4+ 4. Nbd2 b6 5. a3 Bxd2+ 6. Qxd2 Bb7 7. e3 O-O 8. Bd3 d5 9. O-O Nbd7 10. b4 a5 11. b5 dxc4 12. Bxc4 c5 13. Bb2 Ne4 14. Qe2 Qe7 15. dxc5 Ndxc5 16. a4 Rac8 17. Rfd1 Nd6 18. Ne5 f6 19. Nf3 Nxc4 20. Qxc4 Qf7 21. Qg4 h5 22. Qf4 e5 23. Bxe5 fxe5 24. Qxf7+ Rxf7 25. Nxe5 Rf6 26. Rd4 Nb3 0-1


[Site "https://www.chess.com"]